 Dungeon Crawl Stone Soup version 0.19.1 (webtiles) character file.

186 Firecrotchwizard the Firebug (level 5, -9/31 HPs)
             Began as a High Elf Fire Elementalist on Dec 13, 2016.
             Was a Follower of Vehumet.
             Killed from afar by Firecrotchwizard's ghost (13 damage)
             ... with a puff of flame
             ... on level 4 of the Dungeon.
             The game lasted 00:11:50 (2903 turns).

Firecrotchwizard the Firebug (HEFE)                 Turns: 2903, Time: 00:11:51

Health: -9/31      AC:  6    Str:  8    XL:     5   Next: 38%
Magic:  0/11       EV: 13    Int: 19    God:    Vehumet [*.....]
Gold:   123        SH:  0    Dex: 15    Spells: 3 memorised, 3 levels left

rFire  . . .     SeeInvis .     n - +1 short sword (speed)
rCold  . . .     Gourm    .     a - +0 robe
rNeg   . . .     Faith    .     (no shield)
rPois  .         Spirit   .     d - +2 helmet
rElec  .         Reflect  .     h - +0 cloak
rCorr  .         Harm     .     (no gloves)
MR     .....                    (no boots)
Stlth  ++........               (no amulet)
                                (no ring)
                                (no ring)

@: very slightly contaminated
A: no striking features
a: Renounce Religion


You were on level 4 of the Dungeon.
You worshipped Vehumet.
Vehumet was aware of your devotion.
You were not hungry.

You visited 1 branch of the dungeon, and saw 4 of its levels.

You collected 123 gold pieces.

Inventory:

Hand Weapons
 n - a +1 short sword of speed (weapon)
 y - a +1 dagger of venom
Missiles
 u - 32 poisoned needles
Armour
 a - a +0 robe (worn)
 d - a +2 helmet (worn)
 h - a +0 cloak (worn)
 m - a +0 pair of gloves
Jewellery
 k - a +2 ring of dexterity {unknown}
 w - an uncursed ring of flight {unknown}
 x - a cursed amulet of inaccuracy {unknown}
Scrolls
 f - 2 scrolls of teleportation
 g - 5 scrolls of identify
 o - a scroll of blinking
Potions
 i - 2 potions of lignification
 j - a potion of haste {unknown}
 p - a potion of berserk rage {unknown}
 q - a potion of flight {unknown}
 r - a potion of agility {unknown}
 s - a potion of brilliance {unknown}
 v - a potion of magic {unknown}
 B - a potion of curing {unknown}
Books
 b - a book of Flames

   Spells                             Type                      Level
   a - Flame Tongue                   Conjuration/Fire             1
   b - Throw Flame                    Conjuration/Fire             2
   c - Conjure Flame                  Conjuration/Fire             3
   d - Inner Flame                    Hexes/Fire                   3
   e - Sticky Flame                   Conjuration/Fire             4
   f - Fireball                       Conjuration/Fire             5
 z - a book of Maledictions

   Spells                             Type                      Level
   a - Corona                         Hexes                        1
   b - Ensorcelled Hibernation        Hexes/Ice                    2
   c - Confuse                        Hexes                        3
   d - Tukima's Dance                 Hexes                        3
   e - Dazzling Spray                 Conjuration/Hexes            3
Comestibles
 c - 2 bread rations
 l - a meat ration
 t - a chunk of flesh


   Skills:
 - Level 2.1 Dodging
 - Level 2.1 Stealth
 + Level 3.9 Spellcasting
 + Level 3.5 Conjurations
 + Level 4.2 Fire Magic


You had 3 spell levels left.
You knew the following spells:

 Your Spells              Type           Power        Failure   Level  Hunger
a - Flame Tongue          Conj/Fire      ###..        3%          1    None
b - Conjure Flame         Conj/Fire      ###.....     12%         3    ###....
c - Sticky Flame          Conj/Fire      ###.....     34%         4    ####...


Dungeon Overview and Level Annotations

Branches:
Dungeon (4/15)
 Temple: D:4-7

Altars:
Dithmenos
Elyvilon
Gozag
Makhleb
Trog
Vehumet

Annotations:
D:4 Firecrotchwizard's ghost, amateur DEFE


Message History

You kill the iguana!
Vehumet accepts your kill.
Firecrotchwizard's ghost gestures at you while chanting.
The puff of flame hits you!
Firecrotchwizard's ghost points at you and mumbles some strange words.
The puff of flame hits you!
Firecrotchwizard's ghost gestures at you while chanting.
The flame tongue hits you!
* * * LOW HITPOINT WARNING * * *
Casting: Flame Tongue
Confirm with . or Enter, or press ? or * to list all spells.
Aiming: Flame Tongue
Press: ? - help, Shift-Dir - straight line, f/p - Firecrotchwizard's ghost
Aim: Firecrotchwizard's ghost (severely damaged)
The flame tongue hits Firecrotchwizard's ghost.
Firecrotchwizard's ghost appears unharmed.
Firecrotchwizard's ghost is severely damaged.
Firecrotchwizard's ghost casts a spell at you.
The puff of flame hits you!
You die...

##.###
#####........ #...#
##...####.
###.######.........
#.##.........####
#.##.#.....#.#
####.##.........#
#(...##.#.⌠.⌠.#.#
##.####.........#
#...##@#.....#..
###.##...._....##
####.##W#.....#.#
#<)..##.........#
#######.#.⌠.⌠.#.#
#.........#
#.#.....#.#
#.........# ######
#####.#######.....


You could see Firecrotchwizard's ghost.

Vanquished Creatures
  An orc priest (D:3)
  An iguana (D:4)
  3 adders
  3 oozes
  3 worms
  A dart slug (D:1)
  2 leopard geckos
  5 orcs
  6 bats
  5 giant cockroaches
  4 goblins
  10 hobgoblins
  4 jackals (D:1)
  10 kobolds
  2 quokkas
  5 frilled lizards
  7 rats
72 creatures vanquished.

Notes
Turn   | Place    | Note
-------+----------+-------------------------------------------
     0 | D:1      | Firecrotchwizard the High Elf Fire Elementalist began the quest for the Orb.
     0 | D:1      | Reached XP level 1. HP: 11/11 MP: 4/4
   204 | D:1      | Reached XP level 2. HP: 17/17 MP: 0/6
   527 | D:1      | Reached XP level 3. HP: 21/21 MP: 0/8
   624 | D:1      | Learned a level 3 spell: Conjure Flame
   784 | D:2      | Found a shadowy altar of Dithmenos.
   793 | D:2      | Found a burning altar of Makhleb.
   999 | D:2      | Found a radiant altar of Vehumet.
  1005 | D:2      | Became a worshipper of Vehumet
  1037 | D:2      | Found an opulent altar of Gozag.
  1650 | D:3      | Reached XP level 4. HP: 27/27 MP: 7/10
  1848 | D:3      | Learned a level 4 spell: Sticky Flame
  2126 | D:3      | Reached skill level 4 in Fire Magic
  2186 | D:3      | Reached * piety under Vehumet
  2186 | D:3      | Offered knowledge of Sting by Vehumet.
  2344 | D:3      | Reached XP level 5. HP: 26/31 MP: 2/11
  2463 | D:3      | Found a bloodstained altar of Trog.
  2822 | D:4      | Found a white marble altar of Elyvilon.
  2875 | D:4      | Noticed Firecrotchwizard's ghost (amateur DEFE)
  2903 | D:4      | Killed from afar by Firecrotchwizard's ghost

Skill      XL: |  1  2  3  4 |
---------------+-------------+-----
Conjurations   | 2 3 |  3.5
Spellcasting   | 3 |  3.9
Fire Magic     | 4 |  4.2
Dodging        | |  2.1
Stealth        | |  2.1

Action                   |  1- 3 |  4- 6 || total
-------------------------+-------+-------++-------
Melee: Dagger            |    26 |     2 ||    28
       Short sword       |       |    14 ||    14
 Cast: Flame Tongue      |    69 |    51 ||   120
       Sticky Flame      |       |     1 ||     1
  Use: Scroll            |     7 |     3 ||    10
 Stab: Sleeping          |       |     1 ||     1
  Eat: Chunk             |     2 |     4 ||     6
Armor: Robe              |    22 |     4 ||    26
Dodge: Dodged            |    46 |    13 ||    59
